 Dungeon Crawl Stone Soup version 0.31-a0-971-g75a2e9a4b4 (webtiles) character file.

Game seed: 5137689440040342159

62 mattiecakes the Magician (level 4, -1/34 HPs)
             Began as a Djinni Fire Elementalist on Oct 29, 2023.
             Slain by an ufetubus (3 damage)
             ... on level 3 of the Dungeon.
             The game lasted 00:10:15 (2165 turns).

mattiecakes the Magician (Djinni Fire Elementalist) Turns: 2165, Time: 00:10:15

Health: -1/34      AC:  7    Str:  7    XL:     4   Next: 28%
Gold:   59         EV:  8    Int: 20    God:
                   SH:  0    Dex: 21

rFire   + + .        h - staff of cold
rCold   x . .        (no shield)
rNeg    . . .        l - +0 scale mail "Adwuzyss" {rC- Int+2 Dex+7}
rPois   ∞            (no helmet)
rElec   .            g - +0 cloak
rCorr   .            (no gloves)
SInv    .            (boots unavailable)
Will    .....        (no amulet)
Stlth   +            (no ring)
HPRegen 0.25/turn    (no ring)
MPRegen 0.00/turn

%: infuse magic (-2 HP)
@: flying, very slightly contaminated
A: sickness immunity, fire resistance 2, cold vulnerability 1, float, innate
caster, HP casting, extra vitality 1
a: no special abilities


You were on level 3 of the Dungeon.
You visited 1 branch of the dungeon, and saw 3 of its levels.

You collected 59 gold pieces.

Inventory:

Armour
 a - a +0 robe
 g - a +0 cloak (worn)
 l - the +0 scale mail "Adwuzyss" (worn) {rC- Int+2 Dex+7}
   (You found it on level 3 of the Dungeon)

   Int+2:     It affects your intelligence (+2).
   Dex+7:     It affects your dexterity (+7).
   rC-:       It makes you vulnerable to cold.
Magical Staves
 h - a staff of cold (weapon)
Scrolls
 c - a scroll of teleportation {unknown}
 d - a scroll of noise {unknown}
 e - 2 scrolls of identify {unknown}
 f - 3 scrolls of vulnerability {unknown}
 j - a scroll of immolation {unknown}
 k - a scroll of enchant armour {unknown}
Potions
 i - a potion of resistance {unknown}


   Skills:
 + Level 2.6 Fighting
 - Level 2.1 Dodging
 - Level 1.5 Stealth
 - Level 3.4 Spellcasting
 - Level 3.4 Conjurations
 - Level 3.4 Hexes
 - Level 3.4 Summonings
 - Level 3.4 Necromancy
 - Level 3.4 Translocations
 - Level 3.4 Transmutations
 - Level 3.4 Fire Magic
 - Level 3.4 Ice Magic
 - Level 3.4 Air Magic
 - Level 3.4 Earth Magic
 - Level 3.4 Poison Magic


You knew the following spells:

 Your Spells              Type           Power      Damage    Failure   Level
a - Foxfire               Conj/Fire      68%        2x1d7     41%         1
b - Scorch                Fire           34%        2d6       56%         2
c - Volatile Blastmotes   Fire/Tloc      34%        2d12      80%         3
d - Inner Flame           Hex/Fire       17%        N/A       80%         3
e - Flame Wave            Conj/Fire      17%        2d7       99%         4
f - Shock                 Conj/Air       68%        1d7       41%         1
Your spell library was empty.

Dungeon Overview and Level Annotations

Branches:
Dungeon (3/15)

Altars:


Innate Abilities, Weirdness & Mutations

You are immune to sickness and miasma.
You are immune to poison.
Your flesh is very heat resistant. (rF++)
You are vulnerable to cold. (rC-)
You float through the air rather than walking.
You learn spells naturally, not from books.
Your magical power is your life essence.
You have superior vitality. (+4 MHP)


Message History

The ufetubus hits you but does no damage. x4
The ufetubus closely misses you. The ufetubus closely misses you.
The ufetubus hits you but does no damage.
The ufetubus hits you. x2; The ufetubus attacks as it pursues you!
The ufetubus hits you but does no damage.
The ufetubus hits you. The ufetubus barely misses you.
The ufetubus hits you but does no damage.
The ufetubus slips past you! The ufetubus hits you.
* * * LOW HITPOINT WARNING * * *
The ufetubus barely misses you.
It was a potion of curing.
You feel better.
The ufetubus hits you but does no damage.
The ufetubus hits you. The ufetubus closely misses you. x2
Sorry, you're not good enough to have a special ability.
Unknown command.
Casting: Foxfire (safe; 41% risk of failure)
Confirm with . or Enter, or press ? or * to list all spells.
Okay, then.
Unknown command.
Unknown command.
You need no library to learn spells.
Casting: Scorch (quite dangerous; 56% risk of failure)
Confirm with . or Enter, or press ? or * to list all spells.
You miscast Scorch.
You are very lightly contaminated with residual magic.
Nothing appears to happen.
* * * LOW HITPOINT WARNING * * *
The ufetubus hits you.
* * * LOW HITPOINT WARNING * * *
The ufetubus hits you but does no damage.
The ufetubus barely misses you. The ufetubus hits you.
* * * LOW HITPOINT WARNING * * *
The rat bites you.
* * * LOW HITPOINT WARNING * * *
The ufetubus hits you but does no damage.
The ufetubus barely misses you.
The ufetubus hits you but does no damage.
The ufetubus hits you.
You die...

#..........#
#..........#. .#
#..........#.##.
#..........#.#.. #
##..........#.#.#
###....†........#.#
##............##..
...#.##.#.##..##5#
#..............#@#
...#...........5r#
.....>...........#
..#..............#
..#..............#
..#..............#
.................#
..........##
.........##


You could see 2 ufetubi and a rat.

Vanquished Creatures
  2 adders (D:2)
  An orc (D:3)
  5 ball pythons
  3 bats
  3 endoplasms
  3 giant cockroaches
  6 goblins
  A hobgoblin (D:1)
  4 kobolds (D:2)
  4 quokkas
  2 frilled lizards
  4 rats
38 creatures vanquished.

Vanquished Creatures (others)
  27 foxfires
27 creatures vanquished.

Grand Total: 65 creatures vanquished

Notes
Turn   | Place    | Note
-------+----------+-------------------------------------------
     0 | D:1      | mattiecakes the Djinni Fire Elementalist began the quest
                  | for the Orb.
     0 | D:1      | mattiecakes set off with the following spells memorised:
                  | Foxfire, Scorch, Volatile Blastmotes, Inner Flame, Flame
                  | Wave.
     0 | D:1      | Reached XP level 1. HP: 15/15 MP: 0/0
   265 | D:1      | Reached XP level 2. HP: 21/21 MP: 0/0
  1008 | D:2      | Reached XP level 3. HP: 24/26 MP: 0/0
  1008 | D:2      | Learned a level 1 spell: Shock
  1016 | D:2      | Reached skill level 1 in Fighting
  1521 | D:2      | Reached XP level 4. HP: 26/33 MP: 0/0
  2007 | D:3      | Identified the +0 scale mail "Adwuzyss" {rC- Int+2 Dex+7}
  2165 | D:3      | Slain by an ufetubus

Illustrated notes

Levels and vault maps discovered:
D:1:      elethiomel_arrival_quiet, layout_basic, moated_statue
D:2:      layout_loops_cross, st_stairs_1
D:3:      layout_rooms, mrwooster_statue_mirror

Skill      XL: |  1  2  3 |
---------------+----------+-----
Spellcasting   | |  3.4
Conjurations   | |  3.4
Hexes          | |  3.4
Summonings     | |  3.4
Necromancy     | |  3.4
Translocations | |  3.4
Transmutations | |  3.4
Fire Magic     | |  3.4
Ice Magic      | |  3.4
Air Magic      | |  3.4
Earth Magic    | |  3.4
Poison Magic   | |  3.4
Fighting       | 2 |  2.6
Dodging        | |  2.1
Stealth        | |  1.5

Action                     |  1- 3 |  4- 6 || total
---------------------------+-------+-------++-------
  Melee: Unarmed           |    42 |       ||    42
         Staff             |    55 |    65 ||   120
         Punch             |     1 |     1 ||     2
   Cast: Foxfire           |    14 |     2 ||    16
         Scorch            |     3 |       ||     3
    Use: Potion            |       |     1 ||     1
   Stab: Sleeping          |     1 |       ||     1
 Armour: Robe              |    61 |    30 ||    91
         Scale mail        |       |    53 ||    53
  Dodge: Dodged            |    80 |    68 ||   148

Table legend: (Time is in decaauts)
 A = Elapsed time spent in this place.
 B = Non-inter-level travel time spent in this place.
 C = Inter-level travel time spent in this place.
 D = Time resting spent in this place.
 E = Time spent auto-exploring this place.
 F = Levels seen in this place.
 G = Mean time per level.
                   A        B        C        D        E       F      G
               +--------+--------+--------+--------+--------+-----+--------+
         Total |   2188 |   2157 |     31 |    460 |   1254 |   3 |  729.3 |
       Dungeon |   2188 |   2157 |     31 |    460 |   1254 |   3 |  729.3 |
               +--------+--------+--------+--------+--------+-----+--------+

Top non-repeatable levels by time:
     D:2: 1121 daAuts
     D:1: 897 daAuts
     D:3: 169 daAuts
